 Dungeon Crawl Stone Soup version 0.28-a0-1117-g0bdd5ba030 (webtiles) character file.

Game seed: 653849351917634499

594675 strifetoe the Conqueror (level 26, -2/281 HPs)
             Began as a Minotaur Berserker on Dec 8, 2021.
             Was a High Priest of Trog.
             Slain by an Orb Guardian (8 damage)
             ... on level 5 of the Realm of Zot on Dec 12, 2021.
             The game lasted 01:53:40 (58803 turns).

strifetoe the Conqueror (Minotaur Berserker)       Turns: 58803, Time: 01:53:41

Health: -2/281     AC: 35    Str: 36 (37) XL:     26   Next: 31%
Magic:  2/22       EV: 14    Int:  9 (10) God:    Trog [*****.]
Gold:   5821       SH:  0    Dex:  3 (5)  Spells: 25/25 levels left

rFire   + + .      SeeInvis +   C - +5 executioner's axe "Seimezoumi" {speed, Int+4}
rCold   + . .      Faith    .   (shield currently unavailable)
rNeg    + . .      Spirit   .   U - +1 gold dragon scales
rPois   +          Reflect  .   J - +2 hat {Will+}
rElec   +          Harm     .   O - +2 cloak "Miegreeph" {Str+5 Dex+2}
rCorr   +          Rampage  .   A - +1 pair of gloves {infuse}
Will    ++++.      Rage     3%  H - +2 pair of boots
Stlth   ..........              s - amulet of Vitality {Regen+ HP+15}
HPRegen 2.36/turn               P - ring "Reank" {rElec rF+ rCorr EV+4 Dex-5}
MPRegen 0.18/turn               N - ring "Ughuicvu" {rF+ rN+ rCorr Int+4 SInv}

@: marked, fire vulnerable, strong-willed, on berserk cooldown, regenerating,
hasted and slowed, unable to read
A: horns 2, retaliatory headbutt, berserk 2, clumsy 2, deformed body, dopey 1,
no potion heal 1, inability to read while threatened, devolution 1
}: 3/15 runes: serpentine, barnacled, silver
a: Renounce Religion, Berserk, Trog's Hand, Brothers in Arms


You were on level 5 of the Realm of Zot.
You worshipped Trog.
Trog was extremely pleased with you.
You visited 9 branches of the dungeon, and saw 48 of its levels.
You also visited: Gauntlet and Wizlab.

You collected 8426 gold pieces.
You spent 2605 gold pieces at shops.

Inventory:

Hand Weapons
 h - the +6 broad axe "Arhuigaw" {vorpal, rElec Int+2}
   (You bought it in a shop on level 2 of the Orcish Mines)

   It inflicts extra damage upon your enemies.
   Int:       It affects your intelligence (+2).
   rElec:     It insulates you from electricity.
 o - a +5 battleaxe of flaming
 C - the +5 executioner's axe "Seimezoumi" (weapon) {speed, Int+4}
   (You acquired it on level 9 of the Dungeon)

   Attacks with this weapon are significantly faster.
   Int:       It affects your intelligence (+4).
Missiles
 G - 13 throwing nets (quivered)
Armour
 A - a +1 pair of gloves of infusion (worn)
 D - the +3 warlock's mirror {reflect}
   (You found it on level 8 of the Dungeon)

   It can block and reflect piercing ranged attacks and magical attacks against
   the wielder's willpower.
 H - a +2 pair of boots (worn)
 J - a +2 hat of willpower (worn)
 O - the +2 cloak "Miegreeph" (worn) {Str+5 Dex+2}
   (You found it in a Gauntlet)

   Str:       It affects your strength (+5).
   Dex:       It affects your dexterity (+2).
 T - a +5 plate armour of willpower
 U - +1 gold dragon scales (worn)
Jewellery
 b - a ring of willpower
 f - a ring of poison resistance
 q - a ring of willpower
 s - the amulet of Vitality (around neck) {Regen+ HP+15}
   (You acquired it on level 7 of the Dungeon)

   [amulet of regeneration]

   HP:        It affects your health (+15).
   Regen:     It increases your rate of health regeneration.
 w - the ring of Henotheism {Fly rC+}
   (You took it off a rakshasa on level 1 of the Depths)

   [ring of flight]

   rC:        It protects you from cold.
   Fly:       It grants you flight.
 K - a ring of protection from fire
 L - the ring "Biatomie" {rN+ Dex+2}
   (You found it on level 1 of the Snake Pit)

   [ring of positive energy]

   Dex:       It affects your dexterity (+2).
   rN:        It protects you from negative energy.
 M - a ring of see invisible
 N - the ring "Ughuicvu" (right hand) {rF+ rN+ rCorr Int+4 SInv}
   (You found it on level 4 of the Vaults)

   [ring of resist corrosion]

   Int:       It affects your intelligence (+4).
   rF:        It protects you from fire.
   rN:        It protects you from negative energy.
   SInv:      It lets you see invisible.
   rCorr:     It protects you from acid and corrosion.
 P - the ring "Reank" (left hand) {rElec rF+ rCorr EV+4 Dex-5}
   (You bought it in a shop on level 2 of the Orcish Mines)

   [ring of evasion]

   EV:        It affects your evasion (+4).
   Dex:       It affects your dexterity (-5).
   rF:        It protects you from fire.
   rElec:     It insulates you from electricity.
   rCorr:     It protects you from acid and corrosion.
Wands
 n - a wand of mindburst (36)
 r - a wand of acid (23)
 x - a wand of iceblast (21)
 B - a wand of digging (21)
Scrolls
 a - 31 scrolls of identify
 c - a scroll of enchant armour
 d - 11 scrolls of fog
 k - 26 scrolls of teleportation
 t - a scroll of summoning
 z - 7 scrolls of blinking
 F - 8 scrolls of fear
 R - 6 scrolls of enchant weapon
Potions
 g - 3 potions of resistance
 i - 5 potions of haste
 j - 4 potions of heal wounds
 l - 25 potions of curing
 m - 5 potions of mutation
 p - 5 potions of might
 v - 5 potions of flight
 E - 5 potions of berserk rage
 I - 3 potions of cancellation
 Q - 4 potions of invisibility
Miscellaneous
 u - a lightning rod (4/4)
 S - a box of beasts


   Skills:
 O Level 27 Fighting
 O Level 27 Axes
 O Level 27 Armour
 - Level 18.1 Dodging
 - Level 4.0 Shields
 + Level 19.5 Evocations


You had 25 spell levels left.
You didn't know any spells.
Your spell library was empty.

Dungeon Overview and Level Annotations

Branches:
Dungeon (15/15)            Temple (0/1) D:6            Lair (6/6) D:10
 Shoals (4/4) Lair:4        Snake (4/4) Lair:4        Slime (0/5) Lair:5
    Orc (2/2) D:9             Elf (3/3) Orc:2        Vaults (5/5) D:14
  Crypt (0/3) Vaults:3     Depths (4/4) D:15            Zot (5/5) Depths:4
 WizLab (visited)         Gauntlet (visited)

Altars:
Cheibriados
Elyvilon
Fedhas
Gozag
Ru
Sif Muna
Vehumet
Xom
Zin
The Shining One
Beogh
Jiyva

Shops:
Orc:1 [   Orc:2 (!=*   Elf:3 ::=   Shoals:2 ([*   Shoals:4 [   Vaults:4 (*
Depths:3 *

Portals:
Hell: Depths:1 Depths:2 Depths:3 Depths:4
Abyss: Depths:3 Depths:4
Pandemonium: Orc:2 Depths:1 Depths:2
Ziggurat: Depths:2

Annotations:
Lair:5 1 runed translucent door
Shoals:1 2 runed translucent doors, Loidof's ghost, adept MiFi
Shoals:2 Frances
Elf:2 3 runed translucent doors
Depths:3 2 transporters


Innate Abilities, Weirdness & Mutations

You have a pair of horns on your head.
You reflexively headbutt those who attack you in melee.
You often lose your temper in combat.
You are very clumsy. (Dex -4)
Armour fits poorly on your strangely shaped body.
You are dopey. (Int -2)
Potions are less effective at restoring your health.
You sometimes lose the ability to read scrolls when taking damage.
You have hidden genetic defects.


Message History

The klown pie hits you!!
Cherry!
Cherry-coloured flames burn away your fire resistance!
* * * LOW HITPOINT WARNING * * *
The orb of fire emits a lurid red light.
The bolt of fire hits you! You resist.
* * * LOW HITPOINT WARNING * * *
An electric golem comes into view.
The orb of fire enters a dispersal trap!
The orb of fire blinks!
The Killer Klown blinks! x2; The orb of fire blinks!
The electric golem blinks!
The black draconian blinks!
The orb of fire blinks! x2
The Orb Guardian blinks!
The orb of fire blinks!
The black draconian blinks!
The orb of fire blinks! x2
You hear a loud "Zot"!
The Orb Guardian blinks!
The orb of fire blinks!
You blink.
The orb of fire blinks!
The electric golem moves out of view.
Unknown command.
Okay, then.
You cannot read scrolls in your current state!
Unknown command.
You cannot read scrolls in your current state!
Unknown command.
The orb of fire glows red.
The bolt of fire hits you!! You resist.
* * * LOW HITPOINT WARNING * * *
A Killer Klown comes into view. It is wielding a +11 club of freezing.
The black draconian breathes lightning at you.
The bolt of lightning misses you.
The Killer Klown blinks!
The orb of fire emits a lurid red light.
The bolt of fire hits you!! You resist.
* * * LOW HITPOINT WARNING * * *
The Orb Guardian hits you!
* * * LOW HITPOINT WARNING * * *
Unknown command.
Your system partially rejects the healing.
You feel much better.
The orb of fire emits a lurid red light.
The bolt of fire hits you!! You resist.
* * * LOW HITPOINT WARNING * * *
The Killer Klown blinks! x2; The Orb Guardian hits you!
You die...

*▓......,,,,,,,,,****
▓▓^..§9##▓▓▓▓▓▓▓▓▓▓▓
##....p...........^..
##.....^d.^.......##..
##.....X.......§....###
#^....*..........§...##
#...§..§..p..........#
#...X***§.§.........^#
#.....@..............#
#.§.p.X...[*[........#
#...^................#
##..........^.......##
##:...............##
##...§.....^..^.##
################▓▓▓▓
*,.......
##################.##.


You could see 5 orbs of fire, 3 Killer Klowns, an electric golem, a black
draconian (catching breath) and 3 Orb Guardians.

Vanquished Creatures
  An orb of fire (Zot:5)
  6 ancient liches
  A juggernaut (Depths:4)
  Sojobo (Vaults:3)
  2 Killer Klowns (Zot:5)
  Bai Suzhen (Vaults:3)
  2 curse toes
  A Head Instructor (WizLab)
  Margery (Vaults:3)
  A caustic shrike (Depths:2)
  17 golden dragons
  A bone dragon (Depths:4)
  19 tentacled monstrosities
  10 Orb Guardians (Zot:5)
  2 liches
  3 deep elf master archers
  A walking earthen tome (Zot:2)
  11 titans (Vaults:5)
  2 deep elf blademasters (Elf:3)
  5 quicksilver dragons
  Asterion (Depths:1)
  A walking frostbound tome (Zot:2)
  6 death cobs
  3 sphinxes
  16 storm dragons
  4 shadow dragons
  Kirke (Lair:4)
  9 tengu reavers
  Donald (Shoals:2)
  2 revenants (Vaults:3)
  7 nagarajas
  7 fire giants
  4 narguns (Zot:2)
  2 frost giants
  5 deep elf sorcerers
  5 draconian monks
  5 draconian knights
  The ghost of orbeus the Phalangite, a journeyman MfIE of Yredelemnul (Snake:1)
  An iron dragon (Depths:2)
  3 draconian scorchers
  A balrug (Gauntlet)
  2 draconian shifters (Zot:3)
  17 vault wardens
  4 draconian stormcallers
  Aizul (Vaults:4)
  3 orc warlords
  Louise (Snake:1)
  A curse skull (Vaults:3)
  2 deep elf elementalists
  A war gargoyle (Vaults:4)
  17 ironbound preservers
  5 draconian annihilators
  2 spriggan defenders (Depths:4)
  12 very ugly things
  4 vampire knights
  10 deep elf annihilators
  5 green draconians
  Azrael (D:14)
  4 black draconians
  5 deep elf demonologists (Elf:3)
  13 stone giants
  3 entropy weavers
  6 white draconians
  9 yellow draconians
  4 dire elephants
  2 minotaurs
  6 red draconians
  8 spark wasps
  10 purple draconians
  6 deep elf death magi
  7 fire dragons
  9 ettins
  Josephine (Orc:2)
  2 crystal guardians (D:13)
  8 merfolk javelineers
  12 great orbs of eyes
  4 deep elf high priests
  6 merfolk impalers
  7 yaktaur captains
  6 ice dragons
  17 naga warriors
  3 rakshasas
  The ghost of ders the Geomancer, a journeyman GrEE of Vehumet (Lair:2)
  4 boulder beetles
  6 hydras
  Harold (D:7)
  A peacekeeper (Vaults:4)
  2 demonspawn (Orc:2)
  44 vault guards
  3 salamander tyrants
  7 ironbound thunderhulks
  10 centaur warriors
  A spriggan air mage (Depths:3)
  3 alligator snapping turtles
  2 catoblepae
  5 ironbound frosthearts
  3 ogre magi
  11 two-headed ogres
  Erica (D:11)
  3 merfolk avatars
  2 two-headed ogres (shapeshifter)
  6 anacondas
  3 merfolk aquamancers
  An anaconda (shapeshifter) (Vaults:5)
  A death knight (D:14)
  27 dancing weapons
  6 tengu warriors
  5 deep troll earth magi
  5 orc high priests (Orc:2)
  5 death yaks (Lair:6)
  11 deep troll shamans
  Urug (Orc:2)
  4 vampire magi
  2 shock serpents (Snake:4)
  2 spriggan berserkers (Depths:4)
  20 naga sharpshooters
  Sonja (Lair:6)
  2 spriggans (Depths:4)
  Nergalle (D:10)
  13 hell knights
  16 deep elf knights
  5 salamander mystics
  A sixfirhy (Depths:2)
  6 iron trolls
  50 deep trolls
  2 skeletal warriors
  A quicksilver dragon simulacrum (Vaults:4)
  15 sea snakes
  5 naga ritualists
  6 lindwurms
  A glowing orange brain (Depths:4)
  2 orange crystal statues
  3 phantasmal warriors
  Pikel (D:5)
  16 deep elf archers
  A golden dragon skeleton (D:15)
  A tengu zombie (D:15)
  32 deep elf zephyrmancers
  6 necromancers
  13 wizards
  2 sphinx zombies
  10 orc knights
  28 deep elf pyromancers
  21 ironbound convokers
  32 ugly things
  36 harpies
  A wolf spider (D:15)
  8 cyclopes
  15 mana vipers
  2 oklob plants
  7 orc sorcerers (Orc:2)
  2 fauns (shapeshifter) (Vaults:5)
  17 salamanders
  6 fauns
  16 manticores
  21 moths of wrath
  Joseph (D:7)
  45 black mambas
  8 elephants
  10 merfolk sirens
  6 water nymphs
  3 guardian serpents
  A smoke demon (Orc:2)
  22 vault sentinels
  11 cane toads
  4 unseen horrors
  30 naga magi
  A black mamba (shapeshifter) (Elf:1)
  A minotaur zombie (Gauntlet)
  Psyche (D:8)
  A komodo dragon (shapeshifter) (D:14)
  2 gargoyles (D:14)
  2 yaktaur zombies (Vaults:4)
  4 rime drakes
  20 yaktaurs
  A freezing wraith (D:14)
  14 komodo dragons
  4 tengu conjurers
  A guardian mummy (D:15)
  9 wind drakes
  3 meliai (Gauntlet)
  5 polar bears
  A troll (Orc:2)
  A hornet (shapeshifter) (D:14)
  34 merfolk
  3 hornets
  Prince Ribbit (D:8)
  32 slime creatures
  5 dream sheep
  5 snapping turtles
  5 blink frogs (Lair:5)
  A spriggan skeleton (D:15)
  Sigmund (D:5)
  3 air elementals
  An ettin skeleton (Vaults:4)
  2 shadows
  A redback (shapeshifter) (Vaults:5)
  13 redbacks
  5 wraiths
  2 vampires
  11 wyverns
  6 fire elementals
  15 yaks
  A basilisk (shapeshifter) (D:14)
  19 water elementals
  3 hogs (Lair:4)
  2 humans (D:14)
  10 basilisks
  18 vampire mosquitoes
  2 chaos spawn (Orc:2)
  A neqoxec (Orc:2)
  2 wargs
  65 nagas
  7 hell hounds
  5 acid dragons
  A floating eye (Depths:2)
  19 water moccasins
  38 orc warriors
  3 black bears
  A human zombie (Vaults:4)
  10 ogres
  A necrophage (D:7)
  8 wolves
  7 boggarts
  12 centaurs
  2 lemures (D:5)
  2 kobold brigands (D:9)
  2 phantoms
  An earth elemental (Elf:1)
  3 scorpions
  12 bullfrogs
  3 killer bees (D:8)
  An electric eel (Lair:5)
  A howler monkey (D:10)
  A lava snake (D:8)
  A bullfrog zombie (D:5)
  5 centaur zombies
  A hound (D:6)
  22 orc priests
  A centaur skeleton (D:6)
  4 bullfrog skeletons
  A gnoll shaman (D:9)
  7 iguanas
  12 hell rats
  17 orc wizards
  Terence (D:3)
  A killer bee zombie (D:7)
  A hound skeleton (D:5)
  2 howler monkey zombies
  9 gnolls
  10 adders
  7 river rats (Lair:2)
  A shadow imp (D:5)
  A white imp (D:7)
  An ufetubus (D:7)
  6 dart slugs
  61 orcs
  8 endoplasms
  A giant cockroach (D:1)
  8 goblins
  8 hobgoblins
  6 jackals (D:1)
  16 kobolds
  3 quokkas
  A training dummy (Elf:2)
  5 ball pythons
  15 bats
  3 frilled lizards
  13 rats
1932 creatures vanquished.

Vanquished Creatures (collateral kills)
  A tengu reaver (WizLab)
  2 deep elf demonologists (Elf:3)
  2 merfolk javelineers (Shoals:4)
  A merfolk impaler (Shoals:4)
  A merfolk aquamancer (Shoals:4)
  A hell knight (Vaults:3)
  A slime creature (D:6)
  An orc priest (Orc:2)
  An orc (Orc:2)
11 creatures vanquished.

Vanquished Creatures (others)
  A purple draconian (Zot:2)
  A wizard (D:14)
  A deep elf pyromancer (Elf:3)
  A faun (Shoals:2)
  A training dummy (Elf:2)
  13 demonic plants (Gauntlet)
  26 fungi
  73 plants
  A withered plant (D:15)
118 creatures vanquished.

Grand Total: 2061 creatures vanquished

Notes
Turn   | Place    | Note
-------+----------+-------------------------------------------
     0 | D:1      | strifetoe the Minotaur Berserker began the quest for the
                  | Orb.
     0 | D:1      | Reached XP level 1. HP: 19/19 MP: 0/0
   208 | D:1      | Reached XP level 2. HP: 25/26 MP: 1/1
   391 | D:1      | Found a faded altar of an unknown god.
   398 | D:1      | Reached skill level 5 in Axes
   400 | D:1      | Reached ** piety under Trog
   533 | D:1      | Reached XP level 3. HP: 28/31 MP: 2/2
  1012 | D:2      | Reached XP level 4. HP: 39/39 MP: 3/3
  1399 | D:3      | Noticed Terence
  1407 | D:3      | Killed Terence
  1641 | D:3      | Noticed an ogre
  1649 | D:3      | Killed an ogre
  1650 | D:3      | Reached XP level 5. HP: 8/45 MP: 4/4
  2659 | D:4      | Reached *** piety under Trog
  2685 | D:4      | Noticed a phantom
  2886 | D:4      | Killed a phantom
  2887 | D:4      | Reached XP level 6. HP: 33/51 MP: 5/5
  3633 | D:5      | Entered Level 5 of the Dungeon
  3633 | D:5      | Found an opulent altar of Gozag.
  3643 | D:5      | Reached XP level 7. HP: 28/57 MP: 6/6
  3855 | D:5      | Noticed Pikel
  3861 | D:5      | Killed Pikel
  3944 | D:5      | Reached XP level 8. HP: 58/64 MP: 7/7
  4432 | D:5      | Noticed Sigmund
  4454 | D:5      | Killed Sigmund
  4946 | D:5      | Found a radiant altar of Vehumet.
  5134 | D:6      | Identified a scroll of acquirement
  5134 | D:6      | Acquired a manual of Dodging
  5382 | D:6      | Found a staircase to the Ecumenical Temple.
  5771 | D:6      | Found a shimmering altar of Xom.
  5772 | D:6      | Found a sacrificial altar of Ru.
  6024 | D:7      | Noticed a slime creature
  6060 | D:6      | Killed a slime creature
  6060 | D:6      | Reached **** piety under Trog
  6061 | D:6      | Reached XP level 9. HP: 14/70 MP: 8/8
  6559 | D:7      | Noticed Harold
  7696 | D:7      | Noticed Joseph
  7711 | D:7      | Killed Joseph
  7712 | D:7      | Reached skill level 15 in Axes
  8177 | D:7      | Found a large runed translucent door.
  8177 | D:7      | Found a large runed translucent door.
  8185 | D:7      | Noticed a boulder beetle
  8254 | D:7      | Acquired the amulet of Vitality {Regen+ HP+15}
  8254 | D:7      | Found the amulet of Vitality {Regen+ HP+15}
  8300 | D:7      | Killed Harold
  8301 | D:7      | Reached skill level 10 in Dodging
  8301 | D:7      | Reached XP level 10. HP: 45/77 MP: 9/9
  8450 | D:7      | Found a snail-covered altar of Cheibriados.
  8455 | D:7      | Found a white marble altar of Elyvilon.
  8485 | D:8      | Noticed Prince Ribbit
  8497 | D:8      | Killed Prince Ribbit
  8618 | D:8      | Noticed Psyche
  8628 | D:8      | Killed Psyche
  8870 | D:8      | Found the +3 warlock's mirror {reflect}
  9201 | D:9      | Reached skill level 1 in Shields
  9333 | D:9      | Found a staircase to the Orcish Mines.
  9397 | D:9      | Reached skill level 5 in Fighting
  9404 | D:9      | Reached ***** piety under Trog
  9407 | D:9      | Noticed a cyclops
  9439 | D:9      | Reached skill level 5 in Armour
  9453 | D:9      | Killed a cyclops
  9454 | D:9      | Reached XP level 11. HP: 69/89 MP: 10/10
  9745 | D:9      | Acquired the +5 executioner's axe "Seimezoumi" {speed,
                  | Int+4}
  9951 | D:10     | Entered Level 10 of the Dungeon
 10032 | D:10     | Paralysed by a hornet for 3 turns
 10213 | D:10     | Noticed Nergalle
 10235 | D:10     | Killed Nergalle
 10435 | D:10     | Found a staircase to the Lair.
 10596 | D:11     | Noticed Erica
 10597 | D:11     | Found a gate leading to a gauntlet.
 10614 | D:11     | Killed Erica
 10636 | Gauntlet | Entered a Gauntlet
 10636 | Gauntlet | Noticed an oklob plant
 10636 | Gauntlet | Found a transporter.
 10636 | Gauntlet | Found a transporter.
 10636 | Gauntlet | Found a transporter.
 10637 | Gauntlet | Found a transporter.
 10640 | Gauntlet | Found a transporter.
 10640 | Gauntlet | Found a transporter.
 10660 | Gauntlet | Noticed a green death
 10663 | Gauntlet | Noticed a balrug
 10669 | Gauntlet | Found a transporter.
 10669 | Gauntlet | Found a transporter.
 10678 | Gauntlet | Noticed a purple ugly thing
 10681 | Gauntlet | Found a transporter.
 10681 | Gauntlet | Found a transporter.
 10681 | Gauntlet | Noticed a glowing orange brain
 10682 | Gauntlet | Found a transporter.
 10683 | Gauntlet | Found a transporter.
 10686 | Gauntlet | Noticed a glowing orange brain
 10812 | Gauntlet | Killed an oklob plant
 10851 | Gauntlet | Killed a balrug
 10941 | Gauntlet | Identified the +1 plate armour "Xoneucis" {Int+3}
 11037 | Gauntlet | Identified the +2 cloak "Miegreeph" {Str+5 Dex+2}
 11063 | Gauntlet | Identified the ring "Paocs" {EV+4 Int+2}
 11063 | Gauntlet | Noticed a minotaur
 11073 | Gauntlet | Killed a minotaur
 11331 | D:11     | Noticed a boulder beetle
 11357 | D:11     | Killed a boulder beetle
 11358 | D:11     | Reached XP level 12. HP: 96/104 MP: 11/11
 11717 | D:11     | Noticed a two-headed ogre
 11724 | D:11     | Killed a two-headed ogre
 11998 | D:12     | Found a shimmering altar of Xom.
 12000 | D:12     | Found a shimmering altar of Xom.
 12001 | D:12     | Found a shimmering altar of Xom.
 12002 | D:12     | Found a shimmering altar of Xom.
 12078 | D:12     | Noticed a boulder beetle
 12101 | D:12     | Killed a boulder beetle
 12105 | D:12     | Reached skill level 10 in Fighting
 12311 | D:12     | Noticed a two-headed ogre
 12323 | D:12     | Killed a two-headed ogre
 12323 | D:12     | Received a gift from Trog
 12324 | D:12     | Reached skill level 10 in Armour
 12529 | D:12     | Noticed a two-headed ogre
 12534 | D:12     | Killed a two-headed ogre
 12935 | D:12     | Noticed a two-headed ogre
 12942 | D:12     | Killed a two-headed ogre
 12984 | D:13     | Noticed an eight-headed hydra
 13107 | Lair:1   | Entered Level 1 of the Lair of Beasts
 14191 | Lair:2   | Noticed a catoblepas
 14207 | Lair:2   | Killed a catoblepas
 14395 | Lair:2   | Found a runed translucent gate.
 14395 | Lair:2   | Found a runed translucent gate.
 14395 | Lair:2   | Found a runed translucent gate.
 14398 | Lair:2   | Noticed a seven-headed hydra
 14399 | Lair:2   | Noticed a minotaur
 14402 | Lair:2   | Noticed ders's ghost (journeyman GrEE)
 14533 | Lair:2   | Killed an 11-headed hydra
 14534 | Lair:2   | Reached XP level 13. HP: 117/117 MP: 12/12
 14544 | Lair:2   | Killed ders's ghost
 14561 | Lair:2   | Killed a minotaur
 15738 | Lair:4   | Reached ****** piety under Trog
 15744 | Lair:4   | Identified the amulet "Meduluk" {RegenMP Fly rF- Slay+6}
 15762 | Lair:4   | Found a staircase to the Shoals.
 15778 | Lair:4   | Received a gift from Trog
 15892 | Lair:4   | Noticed Kirke
 15915 | Lair:4   | Killed Kirke
 16123 | Lair:4   | Found a staircase to the Snake Pit.
 17220 | Lair:5   | Reached XP level 14. HP: 129/129 MP: 13/13
 17222 | Lair:5   | Found a viscous altar of Jiyva.
 17222 | Lair:5   | Noticed an acid blob
 17224 | Lair:5   | Found a runed translucent door.
 17298 | Lair:5   | Found a staircase to the Slime Pits.
 17299 | Lair:5   | Noticed an acid blob
 17448 | Lair:6   | Entered Level 6 of the Lair of Beasts
 17671 | Lair:6   | Noticed Sonja
 17690 | Lair:6   | Killed Sonja
 17932 | Lair:6   | Identified the +4 hand axe of Rohoempu {freeze, rElec
                  | Int+4}
 18189 | Lair:6   | Received a gift from Trog
 18197 | Lair:6   | Reached skill level 15 in Dodging
 19001 | Orc:1    | Entered Level 1 of the Orcish Mines
 19207 | Orc:1    | Found Emakuyn's Antique Armour Emporium.
 19227 | Orc:1    | Bought an embroidered scarf for 224 gold pieces
 19466 | Orc:2    | Entered Level 2 of the Orcish Mines
 19466 | Orc:2    | Noticed Josephine
 19478 | Orc:2    | Killed Josephine
 19593 | Orc:2    | Noticed Urug
 19602 | Orc:2    | Killed Urug
 19688 | Orc:2    | Found Urrosso's General Store.
 19694 | Orc:2    | Found Ruomupn's Distillery.
 19956 | Orc:2    | Bought a potion of experience for 800 gold pieces
 19990 | Orc:2    | Gained mutation: You are clumsy. (Dex -2) [a neqoxec]
 19991 | Orc:2    | Gained mutation: You are dopey. (Int -2) [a neqoxec]
 20030 | Orc:2    | Reached skill level 15 in Fighting
 20039 | Orc:2    | Received a gift from Trog
 20061 | Orc:2    | Found Heniaw's Jewellery Shoppe.
 20061 | Orc:2    | Found Bemowun's Antique Weapon Emporium.
 20062 | Orc:2    | Found a one-way gate leading to the halls of Pandemonium.
 20070 | Orc:2    | Bought the ring "Reank" {rElec rF+ rCorr EV+4 Dex-5} for
                  | 937 gold pieces
 20152 | Orc:2    | Found a staircase to the Elven Halls.
 20168 | Orc:2    | Upgraded the game from 0.28-a0-1033-g1a2f33fa85 to
                  | 0.28-a0-1087-gf3fc490d9d
 20200 | Orc:2    | Noticed an orc warlord
 20207 | Orc:2    | Reached XP level 15. HP: 141/141 MP: 14/14
 20216 | Orc:2    | Killed an orc warlord
 20611 | Orc:2    | Reached XP level 16. HP: 149/149 MP: 15/15
 20650 | Orc:2    | Bought a jewelled broad axe for 189 gold pieces
 20650 | Orc:2    | Identified the +6 broad axe "Arhuigaw" {vorpal, rElec
                  | Int+2} (You bought it in a shop on level 2 of the Orcish
                  | Mines)
 20929 | D:13     | Found a runed translucent door.
 21037 | D:13     | Identified the +3 leather armour of Starshine {rC+ rN+
                  | Will-}
 21852 | D:14     | Found a shimmering altar of Xom.
 22355 | D:14     | Received a gift from Trog
 22947 | D:14     | Noticed Azrael
 22964 | D:14     | Killed Azrael
 23483 | D:14     | Found a gate to the Vaults.
 23538 | D:15     | Entered Level 15 of the Dungeon
 23695 | D:15     | Found a staircase to the Depths.
 23829 | D:15     | Found the +2 shield of Resistance {rF++ rC++ Will++}
 23876 | D:15     | Identified the +5 ring mail of Hetexuob {Int+4}
 23880 | D:15     | Received a gift from Trog
 24228 | Snake:1  | Entered Level 1 of the Snake Pit
 24418 | Snake:1  | Found a runed translucent door.
 24418 | Snake:1  | Noticed Louise
 24426 | Snake:1  | Killed Louise
 24493 | Snake:1  | Noticed orbeus's ghost (journeyman MfIE)
 24684 | Snake:1  | Found a blossoming altar of Fedhas.
 24714 | Snake:1  | Reached XP level 17. HP: 157/157 MP: 16/16
 25371 | Snake:1  | Killed orbeus's ghost
 25383 | Snake:1  | Identified the ring "Biatomie" {rN+ Dex+2}
 25701 | Snake:2  | Reached skill level 15 in Armour
 27095 | Snake:3  | Received a gift from Trog
 28259 | Snake:4  | Entered Level 4 of the Snake Pit
 28886 | Snake:4  | Reached XP level 18. HP: 172/172 MP: 17/17
 29152 | Snake:4  | Received a gift from Trog
 29624 | Snake:4  | Got a serpentine rune of Zot
 29976 | Shoals:1 | Entered Level 1 of the Shoals
 30260 | Shoals:1 | Found a large runed translucent door.
 30261 | Shoals:1 | Found a large runed translucent door.
 30264 | Shoals:1 | Noticed Loidof's ghost (adept MiFi)
 30750 | Shoals:2 | Noticed Donald
 30762 | Shoals:2 | Received a gift from Trog
 30784 | Shoals:2 | Killed Donald
 30874 | Shoals:2 | Found Acacromn's Weapon Shop.
 31101 | Shoals:2 | Found Ynuag's Assorted Antiques.
 31109 | Shoals:2 | Found Ilanwir's Antique Armour Boutique.
 31290 | Shoals:2 | Noticed Frances
 31966 | Shoals:3 | Received a gift from Trog
 32536 | Shoals:4 | Entered Level 4 of the Shoals
 32690 | Shoals:4 | Reached XP level 19. HP: 187/187 MP: 18/18
 32856 | Shoals:4 | Found Gitzucva's Antique Armour Shop.
 33275 | Shoals:4 | Got a barnacled rune of Zot
 33717 | Vaults:1 | Entered Level 1 of the Vaults
 33930 | Vaults:1 | Received a gift from Trog
 35112 | Vaults:2 | Received a gift from Trog
 36140 | Vaults:2 | Reached XP level 20. HP: 202/202 MP: 19/19
 36484 | Vaults:3 | Received a gift from Trog
 36713 | Vaults:3 | You fall into a shaft and drop 1 floor!
 37069 | Vaults:4 | Identified the ring "Ughuicvu" {rF+ rN+ rCorr Int+4 SInv}
 37083 | Vaults:4 | Found a magical portal.
 37124 | Vaults:4 | Found Jegoan's Antique Weapon Shoppe.
 37146 | WizLab   | Entered Yara's Duelist Academy
 37457 | WizLab   | Noticed Doewk
 37480 | WizLab   | Killed Doewk the Head Instructor
 37970 | Vaults:4 | Noticed Aizul
 37979 | Vaults:4 | Killed Aizul
 38075 | Vaults:4 | Received a gift from Trog
 38580 | Vaults:4 | Found Kuinkank's General Store.
 38588 | Vaults:4 | Bought a potion of heal wounds for 105 gold pieces
 38862 | Vaults:3 | Found a staircase to the Crypt.
 38894 | Vaults:3 | Noticed Margery
 39151 | Vaults:3 | Noticed a golden dragon
 39166 | Vaults:3 | Killed a golden dragon
 39223 | Vaults:3 | Noticed Bai Suzhen
 39256 | Vaults:3 | Killed Bai Suzhen
 39256 | Vaults:3 | Received a gift from Trog
 39304 | Vaults:3 | Noticed Sojobo
 39314 | Vaults:3 | Killed Sojobo
 39315 | Vaults:3 | Reached XP level 21. HP: 113/216 MP: 20/20
 39600 | Vaults:3 | Killed Margery
 39606 | Vaults:3 | Received a gift from Trog
 40280 | Vaults:5 | Entered Level 5 of the Vaults
 40309 | Vaults:5 | Noticed an ancient lich
 40471 | Vaults:4 | Received a gift from Trog
 40474 | Vaults:4 | Killed an ancient lich
 40532 | Vaults:5 | Noticed a golden dragon
 40558 | Vaults:4 | Killed a golden dragon
 40699 | Vaults:5 | Noticed an ancient lich
 40912 | Vaults:5 | Killed an ancient lich
 41235 | Vaults:5 | Noticed an ancient lich
 41241 | Vaults:5 | Killed an ancient lich
 41256 | Vaults:5 | Received a gift from Trog
 41337 | Vaults:5 | Reached XP level 22. HP: 231/231 MP: 21/21
 41581 | Vaults:5 | Identified the +4 long sword of the Ageless Planets {venom,
                  | rN+}
 41787 | Vaults:5 | Noticed a golden dragon
 41798 | Vaults:5 | Killed a golden dragon
 42187 | Vaults:5 | Reached skill level 27 in Fighting
 42235 | Vaults:5 | Identified the +9 trident of Walaocol {flame, Str+4}
 42291 | Vaults:5 | Received a gift from Trog
 42311 | Vaults:5 | Got a silver rune of Zot
 42573 | Vaults:5 | Identified the +3 halberd of Armageddon {protect, rF- rC+
                  | Str+4 Int+3}
 43065 | Elf:1    | Entered Level 1 of the Elven Halls
 43312 | Elf:1    | Paralysed by an air elemental for 1 turns
 43412 | Elf:1    | Reached skill level 27 in Armour
 43933 | Elf:1    | Received a gift from Trog
 44425 | Elf:2    | Found a runed translucent gate.
 44426 | Elf:2    | Found a runed translucent gate.
 44426 | Elf:2    | Found a runed translucent gate.
 44701 | Elf:2    | Paralysed by an air elemental for 1 turns
 44717 | Elf:2    | Received a gift from Trog
 44765 | Elf:2    | Reached XP level 23. HP: 240/240 MP: 22/22
 45105 | Elf:3    | Entered Level 3 of the Elven Halls
 45141 | Elf:3    | Reached skill level 27 in Axes
 45442 | Elf:3    | Found Aviubail's Book Shop.
 45445 | Elf:3    | Received a gift from Trog
 45470 | Elf:3    | Found Ireopor's Book Shop.
 45471 | Elf:3    | Found Pitwuz's Jewellery Emporium.
 46221 | Elf:3    | Reached XP level 24. HP: 231/231 MP: 22/22
 46357 | Elf:3    | Identified the +7 rapier of Ygyshonu {drain, *Noise rN+
                  | rCorr}
 46362 | Elf:3    | Identified the +7 scimitar "Ronu" {vorpal, Str+7 SInv}
 46439 | Elf:3    | Identified the +1 leather armour of the Beggar {Str+2 Dex+4
                  | Slay+3}
 46566 | Elf:3    | Found the +4 dagger "Morg" {pain, Will+ Int+5}
 46567 | Elf:3    | Identified the +5 hand axe of Pahups {vorpal, rF+++ rN+
                  | Dex-5 Stlth+}
 46882 | Depths:1 | Entered Level 1 of the Depths
 46888 | Depths:1 | Received a gift from Trog
 47070 | Depths:1 | Found a gateway to Hell.
 47076 | Depths:1 | Reached skill level 5 in Evocations
 47303 | Depths:1 | Noticed Asterion
 47312 | Depths:1 | Killed Asterion
 47574 | Depths:1 | Identified the ring of Henotheism {Fly rC+}
 47574 | Depths:1 | Identified the ring of Henotheism {Fly rC+}
 47650 | Depths:1 | Identified the +6 battleaxe of Dominance {drain, +Blink rC-
                  | Dex+7}
 47782 | Depths:2 | Found a gateway to a ziggurat.
 48004 | Depths:2 | Received a gift from Trog
 48651 | Depths:2 | Found a glowing golden altar of the Shining One.
 48651 | Depths:2 | Found a glowing silver altar of Zin.
 48651 | Depths:2 | Found a white marble altar of Elyvilon.
 48776 | Depths:2 | Upgraded the game from 0.28-a0-1087-gf3fc490d9d to
                  | 0.28-a0-1117-g0bdd5ba030
 48953 | Depths:3 | Found a transporter.
 48954 | Depths:3 | Found a transporter.
 48991 | Depths:3 | Reached skill level 10 in Evocations
 49191 | Depths:3 | Found a shimmering blue altar of Sif Muna.
 49310 | Depths:3 | Found Qiphiucs's Assorted Antiques.
 49488 | Depths:3 | Bought a potion of haste for 350 gold pieces
 49788 | Depths:3 | Acquired 880 gold pieces
 50020 | Depths:3 | Found a one-way gate to the infinite horrors of the Abyss.
 50192 | Depths:3 | Found a viscous altar of Jiyva.
 50214 | Depths:4 | Entered Level 4 of the Depths
 50233 | Depths:4 | Noticed a juggernaut
 50242 | Depths:4 | Killed a juggernaut
 50242 | Depths:4 | Identified the +11 rapier of Execution {flame, rN+} (Trog
                  | gifted it to you on level 4 of the Depths)
 50242 | Depths:4 | Received a gift from Trog
 51078 | Depths:4 | Reached XP level 25. HP: 257/257 MP: 0/22
 51444 | Depths:4 | Found a white marble altar of Elyvilon.
 51648 | Depths:4 | Found a gate to the Realm of Zot.
 52225 | Zot:1    | Entered Level 1 of the Realm of Zot
 53774 | Zot:2    | Received a gift from Trog
 54343 | Zot:2    | Reached skill level 15 in Evocations
 54526 | Zot:2    | Identified the +7 double sword "Japn" {speed, rPois rN++
                  | Str-2 Dex+2}
 56143 | Zot:3    | Received a gift from Trog
 57660 | Zot:5    | Entered Level 5 of the Realm of Zot
 58051 | Zot:5    | Reached XP level 26. HP: 251/266 MP: 0/22
 58443 | Zot:5    | Noticed an ancient lich
 58461 | Zot:5    | Killed an ancient lich
 58474 | Zot:5    | Noticed an orb of fire
 58480 | Zot:5    | Gained mutation: You are very clumsy. (Dex -4) [an orb of
                  | fire]
 58483 | Zot:5    | Gained mutation: You tend to lose your temper in combat.
                  | [an orb of fire]
 58488 | Zot:5    | Gained mutation: Potions are less effective at restoring
                  | your health. [an orb of fire]
 58489 | Zot:5    | Killed an orb of fire
 58512 | Zot:5    | Identified the +13 hand axe of the Poles {vorpal, rC+}
                  | (Trog gifted it to you on level 5 of the Realm of Zot)
 58512 | Zot:5    | Received a gift from Trog
 58754 | Zot:5    | Noticed an orb of fire
 58758 | Zot:5    | Noticed an orb of fire
 58764 | Zot:5    | Gained mutation: You sometimes lose the ability to read
                  | scrolls when taking damage. [an orb of fire]
 58766 | Zot:5    | Gained mutation: You have hidden genetic defects. [an orb
                  | of fire]
 58767 | Zot:5    | Gained mutation: Armour fits poorly on your strangely
                  | shaped body. [an orb of fire]
 58777 | Zot:5    | Gained mutation: You often lose your temper in combat. [an
                  | orb of fire]
 58779 | Zot:5    | Noticed an ancient lich
 58779 | Zot:5    | Noticed an ancient lich
 58784 | Zot:5    | Killed an ancient lich
 58787 | Zot:5    | Noticed an orb of fire
 58789 | Zot:5    | Noticed an orb of fire
 58792 | Zot:5    | Killed an ancient lich
 58796 | Zot:5    | Noticed an orb of fire
 58797 | Zot:5    | Noticed an orb of fire
 58798 | Zot:5    | Noticed an orb of fire
 58803 | Zot:5    | HP: 6/281 [orb of fire/bolt of fire (24)]
 58803 | Zot:5    | Slain by an Orb Guardian

Illustrated notes

Levels and vault maps discovered:
D:1:      sevenhm_arrival_forest_fort_large_4, layout_rooms,
          chequers_ecumenical_altar_simple_redux, kennysheep_another_room
D:2:      layout_rooms
D:3:      layout_rooms, minmay_pentomino_pile, uniq_terence
D:4:      layout_loops_ring
D:5:      kb_forest_paths, layout_basic, mainiacjoe_overflow_tiny_flanked,
          nicolae_gozag_seed_capital, uniq_sigmund, uniq_pikel
D:6:      layout_cave_pools, gammafunk_temple_overflow_pools,
          minmay_temple_entry_ruins, minivault_11
D:7:      layout_gridville, jmf_multi_god_temple2, chequers_serial_rivers_marsh,
          grunt_decor_resistance, kb_rosetta, uniq_harold, uniq_joseph
D:8:      layout_rooms, kennysheep_diamond, uniq_psyche, uniq_prince_ribbit1
D:9:      layout_cave_pools, orc_0_dummy, grunt_potential
D:10:     layout_big_octagon, grunt_lair_entry_orc_guard_hut, uniq_nergalle
D:11:     layout_loops_ring, gauntlet_entry_generic, uniq_erica
D:12:     layout_basic, xom_redecorated
D:13:     layout_stronghold, st_stairs_4, hangedman_decor_riveting,
          minmay_crystal_box
D:14:     layout_layer_cave, grunt_vaults_entry_fortified, serial_park_gazebo
          [serial_park_minivault_5x5_4], minmay_starry_boxes, uniq_azrael
D:15:     gammafunk_depths_entry_grave, layout_basic
Lair:1:   layout_gridlike
Lair:2:   layout_roguey, maelrawn_ghost_gauntlet_escape,
          kennysheep_abandoned_house
Lair:3:   layout_long_grid, serial_bayou_pond_d, beast_lair_carwin_10
Lair:4:   layout_regular_city, minmay_shoals_entry_beasts,
          minmay_snake_entry_guardpost_medium, uniq_kirke
Lair:5:   layout_roguey [special_room_mythical_zoo], slime_altar_2,
          roderic_batcave, nicolae_quartered_pool_little, serial_bayou_shore_a
Lair:6:   grunt_lair_end_beastmaster, layout_cave_pods, serial_bayou_pond_a,
          minmay_lair_oklob_items, grunt_megastairs_3, uniq_sonja
Shoals:1: layout_shoals, ebering_ghost_disaster_area, nicolae_shoals_loop_pool
Shoals:2: layout_shoals, serial_shops, shop, shop_statue, nicolae_square_shop,
          uniq_frances, uniq_donald
Shoals:3: layout_shoals
Shoals:4: shoals_end_simple, layout_shoals, serial_shops, nicolae_shop_trees
Snake:1:  layout_rooms, ebering_ghost_inner_flame, basic_altar, drop_trap,
          nicolae_snake_boneroom, uniq_louise
Snake:2:  layout_layer_cave
Snake:3:  layout_layer_cave
Snake:4:  snake_pit, layout_grid_shapes, nicolae_snake_gridmaze_tees
Orc:1:    layout_caves, basic_altar, serial_shops, shop
Orc:2:    pf_orc_diabolical, layout_caves, uniq_urug, uniq_josephine
Elf:1:    minmay_elf_arrival_summoners, layout_geoelf_octagon, evilmike_minifort
Elf:2:    nicolae_elf_blades_crystal_corner, layout_loops_corners,
          nicolae_elf_archery_training
Elf:3:    elf_hall, layout_geoelf_octagon, minmay_shop_grove
Vaults:1: vaults_mumra_chevron_long, nicolae_vaults_little_ls, v_misc_18,
          hangedman_vaults_restitches, ontoclasm_vaults_ring_large, v_pattern_1,
          v_misc_19, v_misc_5, v_misc_5, vaults_room_semicircle,
          nicolae_vaults_shelves_hall, nicolae_vaults_network_star,
          hangedman_vaults_corner_blocks, vaults_room_semicircle,
          ontoclasm_vaults_tryst, layout_vaults_maze_bifur
Vaults:2: nicolae_vaults_disjoint_gnomons, grunt_vaults_diagonal,
          nicolae_vaults_gold_heap, vaults_room_semicircle,
          ontoclasm_vaults_fault, hangedman_vaults_hat,
          hangedman_vaults_restitches, vaults_room_large_hall,
          nicolae_vaults_ring_of_whatevers, v_pattern_4,
          ontoclasm_vaults_loading_screen, vaults_room_stairs_pillars,
          layout_vaults_omnicross
Vaults:3: nicolae_vaults_hallways_thing, minmay_crypt_entry_simple_corners,
          v_pattern_3, hangedman_vaults_impose, nicolae_vaults_little_squares_1,
          st_lattice, layout_vaults_omnigrid, uniq_margery, uniq_bai_suzhen,
          uniq_sojobo
Vaults:4: mu_enter_wizlab_6, v_alt_pattern_3, v_rooms_3,
          ontoclasm_vaults_hangar, ontoclasm_vaults_gateway,
          hangedman_vaults_capsules, nicolae_vaults_stairing_the_circle,
          hangedman_vaults_nails, hangedman_vaults_stagger, v_pattern_2,
          layout_vaults_ring, serial_shops, shop, shop_fountains, uniq_aizul
Vaults:5: serial_shops
Depths:1: layout_cave_pools, hell_entry, nicolae_lava_and_water, pan_entry,
          minmay_misc_feat_chi, serial_bayou_pond_e, horrible_house_mu,
          serial_bayou_shore_b, uniq_asterion
Depths:2: minmay_the_grid_triangle_9x9_rhombus_full_mashed
          [minmay_the_grid_triangle_9x9_steps,
          minmay_the_grid_triangle_9x9_corruption,
          minmay_the_grid_triangle_9x9_negative_grid,
          minmay_the_grid_triangle_9x9_impossible_snake,
          minmay_the_grid_triangle_9x9_limited_checkers,
          minmay_the_grid_triangle_9x9_wacky_v,
          minmay_the_grid_triangle_9x9_odd_lines,
          minmay_the_grid_triangle_9x9_prize_insulated], layout_cave_shapes,
          enter_ziggurat_b, good_gods_mini_temple,
          pf_vacation_house_of_asmodeus, rand_demon_pan_entry_8,
          minmay_staircase_bubble
Depths:3: gammafunk_jiyva_shrine, layout_basic, grunt_hell_entry_dis_old,
          serial_shops, shop, nicolae_sif_muna_condensation,
          hangedman_abyss_entry_splay, drop_trap, kennysheep_decorative_pillar
Depths:4: grunt_zot_entry_gee_three, layout_honeycomb, hangedman_coc_ice_floe,
          abyss_entry_small_statue_room, elyvilon_altar_3
Zot:1:    layout_twisted_circle
Zot:2:    layout_misc_corridors, hangedman_zot_diagonal_lockstep,
          st_single_dragon_hoard_2, nicolae_rock_paper_scissors
Zot:3:    layout_gridville
Zot:4:    layout_onion_interference
Zot:5:    layout_basic, skrybe_zot_glass_2

Skill      XL: |  1  2  3  4  5  6  7  8  9 10 11 12 13 14 15 16 17 18 19 20 21 22 23 24 25 26 |
---------------+-------------------------------------------------------------------------------+-----
Axes           | 4 5 6 7 8 9 11 14 15 16 17 18 19 20 21 24 25 26 27 | 27.0
Dodging        | 6 10 12 13 14 15 16 18 | 18.1
Shields        | 4 |  4.0
Fighting       | 6 9 11 13 15 18 20 22 24 26 27 | 27.0
Armour         | 5 8 10 11 13 14 17 19 22 24 26 27 | 27.0
Evocations     | 4 12 18 19 | 19.5

Action                   |  1- 3 |  4- 6 |  7- 9 | 10-12 | 13-15 | 16-18 | 19-21 | 22-24 | 25-27 || total
-------------------------+-------+-------+-------+-------+-------+-------+-------+-------+-------++-------
Melee: Hand axe          |    72 |   117 |   180 |       |       |       |       |       |       ||   369
       Headbutt          |    13 |    20 |    59 |   142 |   171 |   246 |   272 |   249 |   175 ||  1347
       Broad axe         |       |    14 |    52 |   532 |   687 |    65 |       |       |       ||  1350
       Battleaxe         |       |       |       |       |       |   201 |       |       |       ||   201
       Executioner's axe |       |       |       |       |       |  1139 |  1149 |  1042 |   580 ||  3910
Invok: Berserk           |       |       |     1 |     6 |     4 |     4 |     9 |     3 |     2 ||    29
       Trog's Hand       |       |       |       |     1 |     4 |    15 |    14 |    12 |     4 ||    50
       Brothers in Arms  |       |       |       |       |     1 |     2 |     4 |     2 |     1 ||    10
Evoke: Wand              |       |     5 |     5 |       |       |     3 |     1 |       |       ||    14
  Use: Scroll            |       |     7 |    14 |    10 |     3 |     6 |     6 |     5 |     5 ||    56
       Potion            |       |     2 |       |     6 |     1 |       |     3 |     3 |     2 ||    17
 Stab: Petrifying        |       |       |       |       |     1 |       |       |       |       ||     1
       Confused          |       |       |       |       |     1 |       |       |       |       ||     1
Armor: Animal skin       |     2 |       |       |       |       |       |       |       |       ||     2
       Chain mail        |    35 |    48 |    47 |       |       |       |       |       |       ||   130
       Plate armour      |       |       |    24 |   286 |   176 |   626 |   572 |    16 |       ||  1700
       Gold dragon scale |       |       |       |       |       |       |       |   521 |   382 ||   903
Dodge: Dodged            |    35 |    71 |   123 |   361 |   531 |   937 |   584 |   482 |   307 ||  3431
Block: Buckler           |       |       |       |   184 |   240 |    24 |       |       |       ||   448
       Reflection        |       |       |       |    19 |    13 |     4 |       |       |       ||    36

Table legend: (Time is in decaauts)
 A = Elapsed time spent in this place.
 B = Non-inter-level travel time spent in this place.
 C = Inter-level travel time spent in this place.
 D = Time resting spent in this place.
 E = Time spent auto-exploring this place.
 F = Levels seen in this place.
 G = Mean time per level.
                   A        B        C        D        E       F      G
               +--------+--------+--------+--------+--------+-----+--------+
         Total |  56996 |  53754 |   3242 |   9743 |  31980 |  50 | 1139.9 |
       Dungeon |  16388 |  14928 |   1460 |   3565 |   8555 |  15 | 1092.5 |
          Lair |   6006 |   5383 |    623 |    327 |   4119 |   6 | 1001.0 |
        Shoals |   3524 |   3431 |     93 |    256 |   2048 |   4 |  881.0 |
     Snake Pit |   5380 |   5185 |    195 |    775 |   3042 |   4 | 1345.0 |
  Orcish Mines |   1739 |   1566 |    173 |     67 |    946 |   2 |  869.5 |
   Elven Halls |   3423 |   3269 |    154 |    522 |   1585 |   3 | 1141.0 |
        Vaults |   7962 |   7640 |    322 |   1861 |   4147 |   5 | 1592.4 |
        Depths |   5074 |   4968 |    106 |    397 |   3764 |   4 | 1268.5 |
           Zot |   6338 |   6226 |    112 |   1600 |   3449 |   5 | 1267.6 |
        Wizlab |    639 |    639 |      0 |    164 |    322 |   1 |  639.0 |
      Gauntlet |    518 |    518 |      0 |    206 |      0 |   1 |  518.0 |
               +--------+--------+--------+--------+--------+-----+--------+

Top non-repeatable levels by time:
Depths:4: 1926 daAuts
Vaults:4: 1865 daAuts
     D:6: 1862 daAuts
    D:14: 1804 daAuts
Vaults:5: 1752 daAuts
Vaults:3: 1745 daAuts
 Snake:3: 1681 daAuts
   Zot:1: 1617 daAuts
   Zot:3: 1585 daAuts
     D:5: 1515 daAuts
 Snake:4: 1509 daAuts
   Elf:3: 1466 daAuts
Vaults:2: 1400 daAuts
  Lair:6: 1379 daAuts
     D:7: 1373 daAuts
